 Dungeon Crawl Stone Soup version 0.22-a0-439-gac93bac (webtiles) character file.

38 iamserjio the Sneak (level 3, 0/21 HPs)
             Began as an Octopode Enchanter on May 29, 2018.
             Slain by a goblin
             ... wielding a cursed -3 hunting sling
              (4 damage)
             ... on level 2 of the Dungeon.
             The game lasted 00:02:54 (1770 turns).

iamserjio the Sneak (Octopode Enchanter)            Turns: 1770, Time: 00:02:55

Health: 0/21       AC:  1    Str:  8    XL:     3   Next: 43%
Magic:  1/6        EV: 13    Int: 22    God:
Gold:   10         SH:  0    Dex: 12    Spells: 2/6 levels left

rFire    + . .     SeeInvis .   a - +1 dagger
rCold    + . .     Gourm    .   (no shield)
rNeg     . . .     Faith    .   (helmet restricted)
rPois    +         Spirit   .   (no amulet)
rElec    +         Reflect  .   (no ring)
rCorr    +         Harm     .   (no ring)
MR       .....                  (no ring)
Stlth    ++++......             (no ring)
HPRegen  0.07/turn              (no ring)
MPRegen  0.10/turn              (no ring)
                                (no ring)
                                (no ring)

@: brilliant, lethally poisoned (0 -> -7), resistant, flying, very slightly
contaminated, hasted, very quick
A: almost no armour, stealthy swim, amphibious, 8 rings, constrict 8, camouflage
1, gelatinous body 1
a: no special abilities


You were on level 2 of the Dungeon.
You were hungry.

You visited 1 branch of the dungeon, and saw 2 of its levels.

You collected 10 gold pieces.

Inventory:

Hand Weapons
 a - a +1 dagger (weapon)
Scrolls
 f - a scroll of magic mapping {unknown}
 g - a scroll of fear {unknown}
 h - a scroll of blinking {unknown}
 k - a scroll of identify {unknown}
 l - a scroll of amnesia {unknown}
Comestibles
 c - a ration


   Skills:
 * Level 2.1 Short Blades
 + Level 2.3 Dodging
 + Level 4.5 Stealth
 - Level 2.0 Spellcasting
 + Level 3.3 Hexes


You had 2 spell levels left.
You knew the following spells:

 Your Spells              Type           Power        Failure   Level  Hunger
a - Corona                Hex            ####...      1%          1    #......
b - Confuse               Hex            ####....     1%          3    ###....

Your spell library contained the following spells:

 Spells                   Type           Power        Failure   Level  Hunger
 Tukima's Dance           Hex            ####....     1%          3    ###....
 Ensorcelled Hibernation  Hex/Ice        ###...       1%          2    ##.....
 Dazzling Spray           Conj/Hex       ###...       2%          3    ###....


Dungeon Overview and Level Annotations

Branches:
Dungeon (2/15)

Altars:
Cheibriados


Innate Abilities, Weirdness & Mutations

You cannot wear most types of armour.
You are very stealthy in the water. (Stealth+)
You are amphibious.
You can wear up to eight rings at the same time.
You can use your tentacles to constrict eight enemies at once.
Your skin changes colour to match your surroundings (Stealth+).
Your rubbery body absorbs attacks. (AC +1, EV +1)


Message History

You feel protected.
* * * LOW HITPOINT WARNING * * *
You feel sick.
It was a potion of haste.
You feel yourself speed up.
* * * LOW HITPOINT WARNING * * *
You feel sick.
The goblin shoots a stone.
The stone hits you but does no damage.
It was a potion of brilliance.
You feel clever all of a sudden.
The goblin shoots a stone.
The stone hits you but does no damage.
It was a potion of flight.
You feel very buoyant.
You fly up into the air.
* * * LOW HITPOINT WARNING * * *
You feel sick.
Okay, then.
You feel protected.
A kobold comes into view. It is wielding a dagger.
The goblin hits you with an enchanted hunting sling.
You die...

... #.# #.##..... ....
#.# #K.......# #..##.#
#........# #..#.#
###........####.
#...###.....# .......
#.(((##....###.......
###.)((.<#.#.........
#.(....._g.........
#.g###.#.#@<.......
#.##.............##
#..................#
.........#..(.รท......
.........##.((........
........(##<........?.
.........###...........
....>.. ##..........
......g ##.........


You could see a goblin and a kobold (wandering).

Vanquished Creatures
  An adder (D:2)
  An ooze (D:1)
  A dart slug (D:1)
  2 leopard geckos (D:1)
  3 bats (D:1)
  2 hobgoblins (D:1)
  A quokka (D:2)
  4 frilled lizards (D:1)
  2 goblins
  4 kobolds
  3 rats
24 creatures vanquished.

Notes
Turn   | Place    | Note
-------+----------+-------------------------------------------
     0 | D:1      | iamserjio the Octopode Enchanter began the quest for the Orb.
     0 | D:1      | Reached XP level 1. HP: 11/11 MP: 3/3
   316 | D:1      | Reached XP level 2. HP: 8/17 MP: 5/5
  1143 | D:1      | Reached XP level 3. HP: 16/21 MP: 6/6
  1321 | D:2      | Found a snail-covered altar of Cheibriados.
  1749 | D:1      | Learned a level 3 spell: Confuse
  1770 | D:2      | Slain by a goblin

Vault maps used:
D:1:      roderic_crossed_star
D:2:      lemuel_crystal_altar

Skill      XL: |  1  2  3 |
---------------+----------+-----
Short Blades   | 2 |  2.1
Dodging        | |  2.3
Stealth        | |  4.5
Spellcasting   | |  2.0
Hexes          | |  3.3

Action                   || total
-------------------------++-------
Melee: Dagger            ||    54
       Constrict         ||     9
       Tentacles         ||     4
 Cast: Corona            ||     2
       Confuse           ||     1
  Use: Potion            ||     5
 Stab: Sleeping          ||     9
  Eat: Chunk             ||     2
Armor: Skin              ||     3
Dodge: Dodged            ||    28

Table legend:
 A = Spawn XP
 B = Non-spawn XP
 C = Spawn XP percentage of total XP
 D = Spawn monster count
 E = Non-spawn monster count
 F = Spawn count percentage of total count
 G = Total turns spent on level
                    A         B        C        D         E        F      G
               +---------+---------+-------+---------+---------+-------+---------
         Total |       0 |      55 |   0.0 |       0 |      24 |   0.0 |  1770
               +---------+---------+-------+---------+---------+-------+---------
           D:1 |       0 |      36 |   0.0 |       0 |      19 |   0.0 |  1714
           D:2 |       0 |      19 |   0.0 |       0 |       5 |   0.0 |    56
               +---------+---------+-------+---------+---------+-------+---------
